[Event "RUS-chT Higher League 2021"]
[Site "Sochi"]
[Date "2021.05.04"]
[Round "4.10"]
[White "Drygalov, Andrey"]
[Black "Khalikov, Bulat"]
[Result "1/2-1/2"]
[ECO "C50"]
[WhiteElo "2500"]
[BlackElo "2182"]
[Annotator "ChessBase"]
[PlyCount "51"]
[EventDate "2021.05.01"]
[EventType "team-tourn"]
[EventCountry "RUS"]
[SourceTitle "playchess.com"]
[Source "ChessBase"]
[SourceQuality "1"]
[TimeControl "40/5400+30:1800+30"]

1. e4 e5 2. Nf3 Nc6 3. Bc4 Bc5 4. O-O Nf6 5. d3 d6 6. c3 a6 7. a4 Ba7 8. Nbd2 O-O 9. h3 h6 10. Re1 Re8 11. b4 Be6 12. Bxe6 Rxe6 13. Qc2 Qd7 14. Rb1 b5 15. Ra1 Ree8 16. Nb3 d5 17. Be3 bxa4 18. Rxa4 Bxe3 19. Rxe3 Nxb4 20. Rxb4 a5 21. Nxa5 Rxa5 22. Re1 c5 23. Rbb1 c4 24. Nd2 cxd3 25. Qxd3 Qc7 26. exd5 1/2-1/2

[Event "RUS-chT Higher League 2021"]
[Site "Sochi"]
[Date "2021.05.04"]
[Round "4.11"]
[White "Khodko, Yurii N."]
[Black "Gutenev, Alexander"]
[Result "0-1"]
[ECO "B69"]
[WhiteElo "2037"]
[BlackElo "2431"]
[Annotator "NA"]
[PlyCount "66"]
[EventDate "2021.05.01"]
[EventType "team-tourn"]
[EventCountry "RUS"]
[SourceTitle "playchess.com"]
[Source "ChessBase"]
[SourceQuality "1"]
[TimeControl "40/5400+30:1800+30"]

1. e4 c5 2. Nf3 Nc6 3. d4 cxd4 4. Nxd4 Nf6 5. Nc3 d6 6. Bg5 e6 7. Qd2 a6 8. O-O-O Bd7 9. f4 Be7 10. Nf3 b5 11. Bxf6 gxf6 12. f5 Qb6 13. Kb1 O-O-O 14. g3 Kb8 15. fxe6 fxe6 16. Bh3 Na5 17. Nd4 b4 18. Nce2 e5 19. Bxd7 Rxd7 20. Nf5 Nc4 21. Qd5 Rc8 22. Nc1 a5 23. Rhf1 a4 24. Rf3 Bf8 25. Nd3 Rdc7 26. g4 b3 27. axb3 axb3 28. c3 Ra7 29. Nb4 Ra5 30. Qf7 Qxb4 31. cxb4 Nd2+ 32. Rxd2 Ra1+ 33. Kxa1 Rc1# 0-1

[Event "RUS-chT Higher League 2021"]
[Site "Sochi"]
[Date "2021.05.04"]
[Round "4.12"]
[White "Radzhabov, Rodion"]
[Black "Sapegin, Yaroslav"]
[Result "1-0"]
[ECO "A04"]
[WhiteElo "2352"]
[BlackElo "2020"]
[Annotator "NA"]
[PlyCount "125"]
[EventDate "2021.05.01"]
[EventType "team-tourn"]
[EventCountry "RUS"]
[SourceTitle "playchess.com"]
[Source "ChessBase"]
[SourceQuality "1"]
[TimeControl "40/5400+30:1800+30"]

1. Nf3 Nc6 2. d4 d5 3. g3 Bf5 4. Bg2 Qd7 5. O-O Bh3 6. c3 Bxg2 7. Kxg2 e6 8. Nbd2 Nf6 9. Qc2 Bd6 10. e4 Nxe4 11. Nxe4 dxe4 12. Qxe4 O-O-O 13. Re1 h6 14. b4 Ne7 15. Bb2 Qc6 16. Qe2 Qa4 17. a3 Rhe8 18. c4 c6 19. Qd1 Qxd1 20. Raxd1 g6 21. Bc1 Ng8 22. h4 b5 23. cxb5 cxb5 24. d5 a6 25. dxe6 Rxe6 26. Rxe6 fxe6 27. Bb2 Be7 28. Rc1+ Kb7 29. Nd4 Rd6 30. Nb3 Bf6 31. Nc5+ Kb6 32. Bxf6 Nxf6 33. Kf3 e5 34. Rc3 g5 35. hxg5 hxg5 36. Re3 Rd5 37. Ne4 g4+ 38. Ke2 Nd7 39. f3 gxf3+ 40. Kxf3 a5 41. bxa5+ Kxa5 42. g4 b4 43. g5 Nf8 44. Kg4 bxa3 45. Rxa3+ Kb4 46. Ra8 Ng6 47. Kf5 Nh4+ 48. Kg4 Ng6 49. Ra6 Nf4 50. Kf5 Kc4 51. Ra4+ Kb3 52. Ra7 Kc2 53. Ra3 Kb2 54. Re3 Ra5 55. Nd6 Rc5 56. Rxe5 Rxe5+ 57. Kxe5 Ng6+ 58. Kf6 Nf4 59. Kf5 Nd5 60. Nc8 Ne3+ 61. Kf4 Ng2+ 62. Kg3 Ne3 63. Ne7 1-0

[Event "RUS-chT Higher League 2021"]
[Site "Sochi"]
[Date "2021.05.05"]
[Round "5.1"]
[White "Sveshnikov, Evgeny"]
[Black "Kezin, Roman"]
[Result "1/2-1/2"]
[ECO "B40"]
[WhiteElo "2478"]
[BlackElo "2472"]
[Annotator "ChessBase"]
[PlyCount "92"]
[EventDate "2021.05.01"]
[EventType "team-tourn"]
[EventCountry "RUS"]
[SourceTitle "playchess.com"]
[Source "ChessBase"]
[SourceQuality "1"]
[TimeControl "40/5400+30:1800+30"]

1. e4 c5 2. Nf3 e6 3. b3 b6 4. Bb2 Bb7 5. Nc3 Nc6 6. Qe2 Be7 7. O-O-O e5 8. Nd5 d6 9. g4 Nf6 10. Nxf6+ Bxf6 11. h4 h6 12. Qe3 Nd4 13. Bc4 b5 14. Be2 Qb6 15. g5 Be7 16. gxh6 Rxh6 17. Rdg1 Bf6 18. Ng5 a5 19. Bxd4 exd4 20. Qd3 Ba6 21. Qg3 c4 22. d3 Qc5 23. dxc4 bxc4 24. Bxc4 Bxc4 25. bxc4 Rb8 26. Qd3 Rxh4 27. Nf3 Bg5+ 28. Nd2 Rxh1 29. Rxh1 Ke7 30. Kd1 Bxd2 31. Kxd2 Rb4 32. e5 dxe5 33. Re1 Rb6 34. f4 Re6 35. f5 Rh6 36. Qg3 Kd6 37. Kd1 Rh7 38. a3 a4 39. Qg5 Kc7 40. f6 gxf6 41. Qxf6 Qd6 42. Qf5 Rg7 43. Rxe5 f6 44. Rc5+ Kb6 45. Rb5+ Kc7 46. Rc5+ Kb6 1/2-1/2

[Event "RUS-chT Higher League 2021"]
[Site "Sochi"]
[Date "2021.05.05"]
[Round "5.2"]
[White "Obgolts, Erik"]
[Black "Rashkovsky, Nukhim N"]
[Result "1-0"]
[ECO "B90"]
[WhiteElo "2414"]
[BlackElo "2446"]
[Annotator "NA"]
[PlyCount "111"]
[EventDate "2021.05.01"]
[EventType "team-tourn"]
[EventCountry "RUS"]
[SourceTitle "playchess.com"]
[Source "ChessBase"]
[SourceQuality "1"]
[TimeControl "40/5400+30:1800+30"]

1. e4 c5 2. Nf3 d6 3. d4 cxd4 4. Nxd4 Nf6 5. Nc3 a6 6. Be3 e5 7. Nf3 Be7 8. Bc4 Be6 9. Bb3 Nbd7 10. O-O Rc8 11. Nh4 O-O 12. Nf5 Nc5 13. Qf3 Bxf5 14. Qxf5 Nxb3 15. cxb3 Rc6 16. Rfd1 Qc8 17. Qf3 Bd8 18. Rd3 Qg4 19. Rad1 Qxf3 20. gxf3 Ne8 21. f4 f6 22. b4 Rc4 23. b3 Rc8 24. f5 g6 25. b5 Kf7 26. b6 Rg8 27. Kf1 Be7 28. Bh6 gxf5 29. exf5 Rg4 30. Rh3 Bd8 31. Nd5 Ng7 32. Bxg7 Rxg7 33. b4 Ke8 34. a4 Kd7 35. Rhd3 Rc6 36. a5 Rg4 37. Rh3 Rg7 38. Rh4 Rc2 39. Rh6 Rf7 40. Rd3 Kc6 41. Rh4 Rg7 42. Ne3 Ra2 43. Rc4+ Kd7 44. Rd1 Rg5 45. h4 Rg8 46. Nd5 h5 47. Rc7+ Bxc7 48. Nxf6+ Kc8 49. Nxg8 Bd8 50. f6 Kd7 51. f7 Be7 52. Rc1 Bf8 53. Nf6+ Ke6 54. Nh7 Kxf7 55. Nxf8 Kxf8 56. Rc7 1-0

[Event "RUS-chT Higher League 2021"]
[Site "Sochi"]
[Date "2021.05.05"]
[Round "5.3"]
[White "Kalegin, Evgenij"]
[Black "Ovod, Evgenija"]
[Result "1/2-1/2"]
[ECO "C65"]
[WhiteElo "2414"]
[BlackElo "2341"]
[Annotator "NA"]
[PlyCount "120"]
[EventDate "2021.05.01"]
[EventType "team-tourn"]
[EventCountry "RUS"]
[SourceTitle "playchess.com"]
[Source "ChessBase"]
[SourceQuality "1"]
[TimeControl "40/5400+30:1800+30"]

1. e4 e5 2. Nf3 Nc6 3. Bb5 Nf6 4. Qe2 Bc5 5. c3 O-O 6. d3 Re8 7. Bg5 Bf8 8. Nbd2 d6 9. Nf1 Bd7 10. Ne3 Ne7 11. Bc4 Ng6 12. Nd5 Be7 13. h4 Nxd5 14. Bxd5 c6 15. Bb3 h6 16. h5 Nf8 17. Be3 Be6 18. Bxe6 Nxe6 19. g3 Qc7 20. Nh4 Bxh4 21. Rxh4 d5 22. O-O-O Rad8 23. f4 d4 24. f5 dxe3 25. fxe6 Rxe6 26. Qxe3 c5 27. Rh2 b5 28. Rc2 Rc6 29. Kb1 a5 30. g4 f6 31. Rcd2 a4 32. Rc1 a3 33. bxa3 Qa5 34. Rb2 c4 35. d4 exd4 36. cxd4 c3 37. Rb3 Rdc8 38. Rc2 Rc4 39. e5 fxe5 40. Qxe5 Qa7 41. Rxb5 Qxd4 42. Qxd4 Rxd4 43. Rb4 Rcc4 44. Rxc3 Rxb4+ 45. axb4 Rxb4+ 46. Kc2 Rxg4 47. Kb3 Rg5 48. Rh3 Kf7 49. a4 Ke6 50. Kb4 Kd7 51. a5 Kc6 52. Rc3+ Kb7 53. Rc5 Ka6 54. Kc4 Rxc5+ 55. Kxc5 Kxa5 56. Kd5 Kb6 57. Ke6 Kc7 58. Kf7 Kd7 59. Kxg7 Ke7 60. Kxh6 Kf7 1/2-1/2

[Event "RUS-chT Higher League 2021"]
[Site "Sochi"]
[Date "2021.05.05"]
[Round "5.4"]
[White "Vasilyev, Evgeny"]
[Black "Zhelnin, Vladimir V"]
[Result "1/2-1/2"]
[ECO "A10"]
[WhiteElo "2055"]
[BlackElo "2408"]
[Annotator "NA"]
[PlyCount "79"]
[EventDate "2021.05.01"]
[EventType "team-tourn"]
[EventCountry "RUS"]
[SourceTitle "playchess.com"]
[Source "ChessBase"]
[SourceQuality "1"]
[TimeControl "40/5400+30:1800+30"]

1. c4 g6 2. e4 Bg7 3. d4 d6 4. Nc3 e5 5. Nf3 Nc6 6. Bg5 f6 7. Be3 Nh6 8. Be2 Ng4 9. Bc1 O-O 10. O-O f5 11. Bg5 Qd7 12. dxe5 Ngxe5 13. Nxe5 dxe5 14. Qd5+ Qf7 15. exf5 Bxf5 16. Rad1 Nd4 17. Bd3 Ne6 18. Bh4 c6 19. Qf3 Nc5 20. Be2 Bh6 21. g4 Bc2 22. Qxf7+ Rxf7 23. Rd6 Bf4 24. b4 g5 25. Bg3 Ne4 26. Nxe4 Bxe4 27. Rfd1 Bxg3 28. hxg3 Raf8 29. Rf1 Re7 30. Rfd1 Kg7 31. R1d2 Bg6 32. Bd1 e4 33. Re2 Rf6 34. Rd4 Rf3 35. Kg2 Rc3 36. Bc2 Bf7 37. Bb3 Bg6 38. Bc2 Bf7 39. Bb3 Bg6 40. Bc2 1/2-1/2

[Event "RUS-chT Higher League 2021"]
[Site "Sochi"]
[Date "2021.05.05"]
[Round "5.6"]
[White "Bykov, Egor"]
[Black "Shomoev, Anton"]
[Result "0-1"]
[ECO "D85"]
[WhiteElo "2423"]
[BlackElo "2563"]
[Annotator "ChessBase"]
[PlyCount "56"]
[EventDate "2021.05.01"]
[EventType "team-tourn"]
[EventCountry "RUS"]
[SourceTitle "playchess.com"]
[Source "ChessBase"]
[SourceQuality "1"]
[TimeControl "40/5400+30:1800+30"]

1. d4 Nf6 2. c4 g6 3. Nc3 d5 4. cxd5 Nxd5 5. Bd2 Nb6 6. e3 Bg7 7. f4 O-O 8. Bb5 Na6 9. Nf3 c5 10. O-O cxd4 11. Nxd4 Nc7 12. Be2 Bxd4 13. exd4 Qxd4+ 14. Rf2 Bf5 15. Bf3 Rad8 16. Qe2 Nc4 17. Be1 Ne6 18. Nd5 Rxd5 19. Bc3 Qd3 20. Bxd5 Qxd5 21. Rd1 Qe4 22. Qxe4 Bxe4 23. Bb4 Re8 24. g3 f5 25. b3 Ne3 26. Rd7 Nd5 27. Ba3 Nf8 28. Rxb7 Nxf4 0-1

[Event "RUS-chT Higher League 2021"]
[Site "Sochi"]
[Date "2021.05.05"]
[Round "5.7"]
[White "Drygalov, Andrey"]
[Black "Utnasunov, Alexander"]
[Result "1-0"]
[ECO "B72"]
[WhiteElo "2500"]
[BlackElo "2442"]
[Annotator "ChessBase"]
[PlyCount "55"]
[EventDate "2021.05.01"]
[EventType "team-tourn"]
[EventCountry "RUS"]
[SourceTitle "playchess.com"]
[Source "ChessBase"]
[SourceQuality "1"]
[TimeControl "40/5400+30:1800+30"]

1. e4 c5 2. Nf3 d6 3. d4 cxd4 4. Nxd4 Nf6 5. Nc3 g6 6. Be3 a6 7. f3 b5 8. Qd2 Bb7 9. a4 b4 10. Na2 a5 11. c3 bxc3 12. Nxc3 Bg7 13. Bb5+ Nbd7 14. O-O O-O 15. Nb3 Qb8 16. Rac1 Rc8 17. Rfd1 Ne5 18. Qe2 e6 19. Bd4 d5 20. f4 Nc6 21. Bxf6 Bxf6 22. exd5 Ne7 23. dxe6 Qxf4 24. exf7+ Kf8 25. Rd7 Rab8 26. Rf1 Qg5 27. Rxb7 Rxb7 28. Ne4 1-0

[Event "RUS-chT Higher League 2021"]
[Site "Sochi"]
[Date "2021.05.05"]
[Round "5.9"]
[White "Geivondian, Arman"]
[Black "Khegay, Dmitriy"]
[Result "0-1"]
[ECO "A46"]
[WhiteElo "2378"]
[BlackElo "2523"]
[Annotator "ChessBase"]
[PlyCount "152"]
[EventDate "2021.05.01"]
[EventType "team-tourn"]
[EventCountry "RUS"]
[SourceTitle "playchess.com"]
[Source "ChessBase"]
[SourceQuality "1"]
[TimeControl "40/5400+30:1800+30"]

1. d4 Nf6 2. Nf3 d5 3. c4 e6 4. cxd5 exd5 5. Qc2 Nbd7 6. Bg5 Bb4+ 7. Nbd2 c5 8. a3 Bxd2+ 9. Qxd2 O-O 10. Bxf6 Qxf6 11. e3 c4 12. Be2 Qb6 13. O-O Nf6 14. Ne5 Ne4 15. Qc2 Nd6 16. Bg4 Bxg4 17. Nxg4 f6 18. f3 Rfe8 19. Rfe1 Re7 20. Re2 Rae8 21. Rae1 Qb3 22. Qd2 Nb5 23. e4 Qd3 24. Nf2 Qxd2 25. Rxd2 dxe4 26. fxe4 c3 27. bxc3 Nxc3 28. Rb2 b6 29. Rc2 Nb5 30. a4 Nxd4 31. Rc4 Nb3 32. h3 f5 33. Rb4 Nc5 34. a5 fxe4 35. Re3 Re6 36. axb6 axb6 37. Nd1 Ra8 38. Nb2 Ra1+ 39. Kh2 Rb1 40. Re2 e3 41. Nd3 Rxb4 42. Nxb4 Nb3 43. Nc2 Nd2 44. Kg3 Nc4 45. Kf4 Rd6 46. Ke4 Rd2 47. Nd4 Kf7 48. Re1 Nd6+ 49. Kxe3 Rxg2 50. Rf1+ Ke7 51. Kf4 Ra2 52. Re1+ Kd7 53. Rg1 g6 54. Ke5 Ra5+ 55. Kf6 Rd5 56. Ne2 Rh5 57. Rb1 b5 58. Nd4 Rxh3 59. Nxb5 Nxb5 60. Rxb5 Kc6 61. Ra5 Rg3 62. Ra6+ Kb5 63. Ra1 h5 64. Rc1 h4 65. Ke5 g5 66. Kd5 Kb4 67. Kd4 h3 68. Rb1+ Ka3 69. Rb8 g4 70. Rh8 Kb3 71. Rb8+ Kc2 72. Rc8+ Kd1 73. Ra8 Ke2 74. Ke4 Rf3 75. Rh8 Kf2 76. Rh4 Kg3 0-1

[Event "RUS-chT Higher League 2021"]
[Site "Sochi"]
[Date "2021.05.05"]
[Round "5.10"]
[White "Yudin, Sergei"]
[Black "Gurvich, Vitaly"]
[Result "1-0"]
[ECO "B32"]
[WhiteElo "2484"]
[BlackElo "2256"]
[Annotator "ChessBase"]
[PlyCount "93"]
[EventDate "2021.05.01"]
[EventType "team-tourn"]
[EventCountry "RUS"]
[SourceTitle "playchess.com"]
[Source "ChessBase"]
[SourceQuality "1"]
[TimeControl "40/5400+30:1800+30"]

1. e4 c5 2. Nf3 Nc6 3. d4 cxd4 4. Nxd4 e5 5. Nb5 d6 6. c4 Be7 7. N1c3 a6 8. Na3 f5 9. exf5 Bxf5 10. Bd3 Be6 11. Nc2 Nf6 12. Ne3 O-O 13. O-O Rc8 14. b3 Rf7 15. Ned5 Nd4 16. Be3 Nxd5 17. Nxd5 Bxd5 18. cxd5 Nf5 19. Qg4 g6 20. Bxf5 Rxf5 21. Rac1 Bf8 22. Rxc8 Qxc8 23. Rc1 Qd7 24. a4 Kg7 25. Bb6 h5 26. Qh3 Rf7 27. Qxd7 Rxd7 28. Kf1 Kf7 29. Ke2 Be7 30. Kd3 Bf6 31. b4 e4+ 32. Kxe4 Re7+ 33. Kd3 Re5 34. Rc7+ Ke8 35. Kc4 Re4+ 36. Kb3 Re2 37. Rxb7 Rb2+ 38. Ka3 Rb1 39. Be3 a5 40. b5 Ra1+ 41. Kb3 Rb1+ 42. Kc2 Rb2+ 43. Kd3 Rb3+ 44. Ke2 Rb2+ 45. Kf3 Rb4 46. b6 Rxa4 47. Ra7 1-0

[Event "RUS-chT Higher League 2021"]
[Site "Sochi"]
[Date "2021.05.05"]
[Round "5.11"]
[White "Mikhailovsky, Vladimir"]
[Black "Pogromsky, Mikhail"]
[Result "1/2-1/2"]
[ECO "B04"]
[WhiteElo "2216"]
[BlackElo "2422"]
[Annotator "NA"]
[PlyCount "111"]
[EventDate "2021.05.01"]
[EventType "team-tourn"]
[EventCountry "RUS"]
[SourceTitle "playchess.com"]
[Source "ChessBase"]
[SourceQuality "1"]
[TimeControl "40/5400+30:1800+30"]

1. e4 Nf6 2. e5 Nd5 3. d4 d6 4. Nf3 dxe5 5. Nxe5 c6 6. Be2 g6 7. O-O Bg7 8. c4 Nc7 9. Be3 O-O 10. Nc3 Nd7 11. Nf3 e5 12. Qd2 exd4 13. Nxd4 Ne5 14. h3 Ne6 15. Rad1 Nxd4 16. Bxd4 Be6 17. b3 Qa5 18. Ne4 Qxd2 19. Rxd2 Nd7 20. Bxg7 Kxg7 21. Rfd1 Nf6 22. Nc5 Rab8 23. Nxe6+ fxe6 24. b4 Kf7 25. Rd6 Rfe8 26. Bf3 g5 27. Kf1 Rbc8 28. Ke2 Rc7 29. R6d2 Ke7 30. Ke3 Rg8 31. g3 Rd7 32. a4 Rxd2 33. Rxd2 h5 34. Bg2 Nd7 35. a5 Ne5 36. Bf1 g4 37. h4 Rf8 38. Be2 a6 39. Rd4 c5 40. Re4 Nc6 41. bxc5 Rf5 42. f3 gxf3 43. Bxf3 Rxc5 44. g4 hxg4 45. Rxg4 Ne5 46. Rg7+ Kf6 47. Rxb7 Rxc4 48. Be2 Rxh4 49. Bxa6 Ra4 50. Rb5 Nc4+ 51. Kd3 Nxa5 52. Rb6 Nb3 53. Rxb3 Rxa6 54. Rb5 e5 55. Rb8 Ra3+ 56. Ke4 1/2-1/2

[Event "RUS-chT Higher League 2021"]
[Site "Sochi"]
[Date "2021.05.05"]
[Round "5.12"]
[White "Matveev, Vladimir"]
[Black "Khudyakov, Stanislav"]
[Result "1-0"]
[ECO "D11"]
[WhiteElo "2368"]
[BlackElo "2238"]
[Annotator "NA"]
[PlyCount "159"]
[EventDate "2021.05.01"]
[EventType "team-tourn"]
[EventCountry "RUS"]
[SourceTitle "playchess.com"]
[Source "ChessBase"]
[SourceQuality "1"]
[TimeControl "40/5400+30:1800+30"]

1. d4 d5 2. c4 c6 3. Nf3 Nf6 4. Qb3 dxc4 5. Qxc4 Bf5 6. g3 e6 7. Bg2 Nbd7 8. O-O Be7 9. Nc3 O-O 10. Qb3 Qb6 11. Nd2 a5 12. e4 Bg6 13. Qxb6 Nxb6 14. a4 Rfd8 15. Nb3 h6 16. Re1 Bb4 17. f3 Nfd7 18. Bf1 e5 19. Be3 exd4 20. Bxd4 c5 21. Bf2 Ne5 22. Kg2 Nbc4 23. Bxc5 Nd3 24. Bxd3 Rxd3 25. Red1 Nxb2 26. Rxd3 Nxd3 27. Bxb4 axb4 28. Nd5 f6 29. a5 Bf7 30. Rd1 Ne5 31. Rc1 Nc6 32. Rc5 Kf8 33. Rb5 Ra7 34. Kf2 Be6 35. Ke3 Bf7 36. f4 Be6 37. Kd3 Bh3 38. Ke3 Be6 39. Rc5 Bg4 40. Kd2 Bf3 41. Rc4 f5 42. Nxb4 Bxe4 43. Nxc6 bxc6 44. Ra4 Ke7 45. Nc5 Bd5 46. Kc3 Kd6 47. Kd4 Be6 48. Nxe6 Kxe6 49. a6 Kd6 50. Kc4 g5 51. h3 gxf4 52. gxf4 Kc7 53. Kc5 Kb8 54. Kxc6 Re7 55. Ra5 Re3 56. h4 Rc3+ 57. Kd6 Rh3 58. a7+ Ka8 59. Ke5 Rxh4 60. Ra6 Rh1 61. Kxf5 h5 62. Rh6 Kxa7 63. Kg5 Rg1+ 64. Kxh5 Kb7 65. Rg6 Rf1 66. Kg5 Kc7 67. Re6 Kd7 68. f5 Rg1+ 69. Kf6 Rh1 70. Re2 Rg1 71. Kf7 Rg5 72. f6 Rg1 73. Kf8 Kd8 74. f7 Kd7 75. Rd2+ Kc7 76. Rd4 Kc8 77. Ke7 Re1+ 78. Kf6 Rf1+ 79. Ke6 Kc7 80. Rd5 1-0

[Event "RUS-chT Higher League 2021"]
[Site "Sochi"]
[Date "2021.05.07"]
[Round "6.2"]
[White "Shomoev, Anton"]
[Black "Obgolts, Erik"]
[Result "1-0"]
[ECO "B15"]
[WhiteElo "2563"]
[BlackElo "2414"]
[Annotator "ChessBase"]
[PlyCount "85"]
[EventDate "2021.05.01"]
[EventType "team-tourn"]
[EventCountry "RUS"]
[SourceTitle "playchess.com"]
[Source "ChessBase"]
[SourceQuality "1"]
[TimeControl "40/5400+30:1800+30"]

1. e4 c6 2. d4 d5 3. Nc3 dxe4 4. Nxe4 Nf6 5. Nxf6+ exf6 6. Nf3 Bd6 7. Bd3 O-O 8. O-O Bg4 9. h3 Bh5 10. Bf5 Na6 11. a3 Nc7 12. Qd3 Bg6 13. Nh4 Nd5 14. Bd2 a5 15. Rfd1 Bc7 16. c4 Ne7 17. Nxg6 hxg6 18. Be4 f5 19. Bf3 Qd6 20. g3 Qf6 21. d5 Rfd8 22. Bc3 Be5 23. Bxe5 Qxe5 24. Re1 Qf6 25. Qc3 Kf8 26. Qxf6 gxf6 27. dxc6 Nxc6 28. Red1 Rab8 29. Rxd8+ Rxd8 30. Rd1 Nd4 31. Kg2 b6 32. b4 axb4 33. axb4 Ke7 34. Rd2 g5 35. Bd5 Ne6 36. Ra2 Rd7 37. Ra6 Nc7 38. Ra7 Kd6 39. Bf3 Ke5 40. c5 b5 41. Bc6 Re7 42. Bxb5 Kd4 43. Bf1 1-0

[Event "RUS-chT Higher League 2021"]
[Site "Sochi"]
[Date "2021.05.07"]
[Round "6.3"]
[White "Ovod, Evgenija"]
[Black "Drygalov, Andrey"]
[Result "1/2-1/2"]
[ECO "C50"]
[WhiteElo "2341"]
[BlackElo "2500"]
[Annotator "ChessBase"]
[PlyCount "68"]
[EventDate "2021.05.01"]
[EventType "team-tourn"]
[EventCountry "RUS"]
[SourceTitle "playchess.com"]
[Source "ChessBase"]
[SourceQuality "1"]
[TimeControl "40/5400+30:1800+30"]

1. e4 e5 2. Nf3 Nc6 3. Bc4 Bc5 4. O-O Nf6 5. d3 d6 6. c3 a5 7. Re1 O-O 8. h3 h6 9. b3 Ba7 10. Nbd2 Be6 11. Nf1 Re8 12. Bb5 Bd7 13. Ng3 Ne7 14. Bxd7 Qxd7 15. Nh4 Kh7 16. Qf3 Qe6 17. Nhf5 Nxf5 18. exf5 Qd7 19. Ne4 Qe7 20. Be3 Bxe3 21. fxe3 c6 22. Nxf6+ Qxf6 23. e4 Rad8 24. Re2 Rd7 25. Rae1 Red8 26. c4 Re8 27. Kh1 Qd8 28. Qf2 f6 29. Rc1 d5 30. cxd5 cxd5 31. Kh2 Qe7 32. Qc5 Qd8 33. Qf2 Qe7 34. Qc5 Qd8 1/2-1/2

[Event "RUS-chT Higher League 2021"]
[Site "Sochi"]
[Date "2021.05.07"]
[Round "6.4"]
[White "Gutenev, Alexander"]
[Black "Vasilyev, Evgeny"]
[Result "1-0"]
[ECO "C18"]
[WhiteElo "2431"]
[BlackElo "2055"]
[Annotator "NA"]
[PlyCount "67"]
[EventDate "2021.05.01"]
[EventType "team-tourn"]
[EventCountry "RUS"]
[SourceTitle "playchess.com"]
[Source "ChessBase"]
[SourceQuality "1"]
[TimeControl "40/5400+30:1800+30"]

1. e4 e6 2. d4 d5 3. Nc3 Bb4 4. e5 c5 5. a3 Bxc3+ 6. bxc3 Ne7 7. Qg4 cxd4 8. Bd3 Qa5 9. Rb1 Qxc3+ 10. Bd2 Qc7 11. Nf3 Nbc6 12. Qxg7 Rg8 13. Qxh7 Nxe5 14. Nxe5 Qxe5+ 15. Kf1 Qg7 16. Qxg7 Rxg7 17. c3 dxc3 18. Bxc3 Rg8 19. h4 Nf5 20. Bxf5 exf5 21. h5 Be6 22. h6 O-O-O 23. h7 Rh8 24. Rc1 Kb8 25. Be5+ Ka8 26. Ke2 a5 27. Kf3 Ka7 28. Kf4 d4 29. Bxh8 Rxh8 30. Rcd1 Kb6 31. Rxd4 Kc5 32. Rd3 b5 33. Ke5 f4 34. Ke4 1-0

[Event "RUS-chT Higher League 2021"]
[Site "Sochi"]
[Date "2021.05.07"]
[Round "6.5"]
[White "Khegay, Dmitriy"]
[Black "Mokshanov, Alexey"]
[Result "1/2-1/2"]
[ECO "D00"]
[WhiteElo "2523"]
[BlackElo "2448"]
[Annotator "ChessBase"]
[PlyCount "65"]
[EventDate "2021.05.01"]
[EventType "team-tourn"]
[EventCountry "RUS"]
[SourceTitle "playchess.com"]
[Source "ChessBase"]
[SourceQuality "1"]
[TimeControl "40/5400+30:1800+30"]

1. d4 d5 2. Bf4 Nf6 3. e3 c5 4. dxc5 Nc6 5. Bb5 g6 6. Nc3 Bg7 7. Nge2 O-O 8. O-O e5 9. Bg5 Be6 10. f4 h6 11. Bxf6 Bxf6 12. fxe5 Bxe5 13. Nf4 d4 14. Nxe6 Qh4 15. Nf4 dxc3 16. bxc3 Bxc3 17. Rb1 Bg7 18. Bxc6 bxc6 19. Qf3 Qe7 20. Nd3 Qe6 21. Rb3 Rae8 22. Kh1 Qxe3 23. Qxe3 Rxe3 24. Rb7 a5 25. Ra7 Bc3 26. Rf2 f5 27. g3 g5 28. Rd7 Rf6 29. Kg2 Kf8 30. Kf1 Re7 31. Rd8+ Re8 32. Rd7 Re7 33. Rd8+ 1/2-1/2

[Event "RUS-chT Higher League 2021"]
[Site "Sochi"]
[Date "2021.05.07"]
[Round "6.6"]
[White "Grebnev, Aleksey"]
[Black "Yudin, Sergei"]
[Result "1/2-1/2"]
[ECO "C41"]
[WhiteElo "2283"]
[BlackElo "2484"]
[Annotator "ChessBase"]
[PlyCount "66"]
[EventDate "2021.05.01"]
[EventType "team-tourn"]
[EventCountry "RUS"]
[SourceTitle "playchess.com"]
[Source "ChessBase"]
[SourceQuality "1"]
[TimeControl "40/5400+30:1800+30"]

1. e4 d6 2. d4 Nf6 3. Nc3 e5 4. Nf3 Nbd7 5. Bc4 Be7 6. O-O O-O 7. Re1 c6 8. a4 a5 9. h3 Nb6 10. Bb3 Nfd7 11. Be3 exd4 12. Nxd4 Nc5 13. Qe2 Bf6 14. Rad1 Nxb3 15. cxb3 Ra6 16. Nf3 Qe7 17. Qd3 Be6 18. Nd4 Bxd4 19. Bxd4 c5 20. Nd5 Nxd5 21. exd5 cxd4 22. Qc4 Qf6 23. dxe6 fxe6 24. Qxe6+ Qxe6 25. Rxe6 Rb6 26. Rd3 Rf5 27. Re4 Rd5 28. g4 Rb4 29. Kg2 b5 30. axb5 Rdxb5 31. Rexd4 Rxd4 32. Rxd4 Rxb3 33. Rxd6 Rxb2 1/2-1/2

[Event "RUS-chT Higher League 2021"]
[Site "Sochi"]
[Date "2021.05.07"]
[Round "6.7"]
[White "Pogromsky, Mikhail"]
[Black "Sharikov, Alexander"]
[Result "1-0"]
[ECO "E19"]
[WhiteElo "2422"]
[BlackElo "2132"]
[Annotator "NA"]
[PlyCount "73"]
[EventDate "2021.05.01"]
[EventType "team-tourn"]
[EventCountry "RUS"]
[SourceTitle "playchess.com"]
[Source "ChessBase"]
[SourceQuality "1"]
[TimeControl "40/5400+30:1800+30"]

1. Nf3 Nf6 2. c4 e6 3. g3 a6 4. Bg2 b5 5. b3 Bb7 6. O-O Be7 7. Bb2 bxc4 8. bxc4 c5 9. Nc3 O-O 10. Rb1 Qc7 11. e3 d6 12. Ba1 Nbd7 13. Qe2 Rab8 14. d3 Ba8 15. Rbd1 Rfc8 16. h3 Qa5 17. g4 h6 18. Ne1 Bxg2 19. Nxg2 Re8 20. f4 Nh7 21. h4 g6 22. f5 Bf6 23. fxg6 fxg6 24. Qc2 g5 25. d4 cxd4 26. Qg6+ Kh8 27. exd4 Re7 28. Ne4 Rg8 29. Qxh6 Bg7 30. Qh5 Qxa2 31. hxg5 d5 32. g6 Bf8 33. Ng5 Rxg6 34. Qxg6 Rg7 35. Nf7+ Kg8 36. Qxe6 Qe2 37. Qxe2 1-0

[Event "RUS-chT Higher League 2021"]
[Site "Sochi"]
[Date "2021.05.07"]
[Round "6.8"]
[White "Bobkov, Vadim"]
[Black "Matveev, Vladimir"]
[Result "1-0"]
[ECO "E73"]
[WhiteElo "2265"]
[BlackElo "2368"]
[Annotator "NA"]
[PlyCount "83"]
[EventDate "2021.05.01"]
[EventType "team-tourn"]
[EventCountry "RUS"]
[SourceTitle "playchess.com"]
[Source "ChessBase"]
[SourceQuality "1"]
[TimeControl "40/5400+30:1800+30"]

1. d4 Nf6 2. c4 g6 3. Nc3 Bg7 4. e4 O-O 5. Be2 d6 6. Bg5 Na6 7. Nf3 Qe8 8. O-O e5 9. Bxf6 Bxf6 10. c5 exd4 11. Nd5 Bd8 12. Bxa6 c6 13. Qxd4 dxc5 14. Nf6+ Bxf6 15. Qxf6 bxa6 16. Rfe1 Qd8 17. Qc3 Rb8 18. b3 Rb5 19. Rac1 Be6 20. Qe3 Qe7 21. Rc3 Bg4 22. Nd2 Rd8 23. h3 Be6 24. Nf3 a5 25. Rec1 a4 26. bxa4 Rb4 27. a3 Rxa4 28. Rxc5 Bd7 29. Ne5 Kg7 30. f3 h5 31. Qc3 f6 32. Nd3 Qd6 33. Nb4 Qg3 34. e5 Bxh3 35. exf6+ Kh6 36. Qe3+ g5 37. R5c2 Bf5 38. Rxc6 Qf4 39. f7+ Kg7 40. Qc3+ Qd4+ 41. Qxd4+ Rxd4 42. Rf6 1-0